AoeStats
← SunshinePuma83

Fortress

510153773Analyzed
2v2 RM · 3d ago on Sep 29, 2026· 57m 51s· 4 players
Game mode
Random Map
Map size
Normal (6 player)
Population
200
Speed
Normal
Resources
Standard
Victory
Conquest
Starting age
Dark Age
Ending age
Imperial Age
RankedLock teamsTeams togetherTeam positionsShared explorationLock speedFull tech treeHidden civsTurbo modeCheats
Victory
Defeat
🇬🇧 Persians · United Kingdom
523
+12
🇩🇪 Berbers · Germany
446
+14
🇬🇷 Persians · Greece
424
-13
🇹🇷 Vietnamese · Türkiye
419
-13
SunshinePuma83
5:57 Feudal Age
6:20 Horse Collar
6:49 Double-Bit Axe
9:43 Wheelbarrow
16:30 Castle Age
17:23 Bow Saw
17:17 Heavy Plow
17:10 Gold Mining
17:10 Stone Mining
18:53 Stone Shaft Mining
19:24 Caravan
20:17 Coinage
22:00 Hand Cart
28:57 Imperial Age
26:43 Elite Skirmisher
28:29 Chatras
29:19 Imperial Skirmisher
31:28 Fletching
31:50 Forging
31:45 Scale Barding Armor
Dream
0:32 Loom
8:45 Feudal Age
9:47 Horse Collar
9:56 Double-Bit Axe
12:02 Wheelbarrow
12:59 Gold Mining
13:00 Stone Mining
14:34 Town Watch
17:23 Arson
16:59 Man-at-Arms
18:15 Scale Barding Armor
18:11 Scale Mail Armor
18:12 Padded Archer Armor
18:02 Fletching
18:22 Forging
20:23 Castle Age
21:38 Stone Shaft Mining
21:21 Bow Saw
23:36 Heavy Plow
27:56 Imperial Age
25:49 Kamandaran
27:03 Hand Cart
26:49 Town Patrol
27:29 Gold Shaft Mining
28:07 Caravan
29:56 Two-Man Saw
33:26 Chemistry
32:57 Chain Barding Armor
32:52 Chain Mail Armor
32:53 Leather Archer Armor
32:33 Bodkin Arrow
33:14 Iron Casting
34:24 Plate Barding Armor
34:37 Husbandry
35:55 Cavalier
35:57 Light Cavalry
36:48 Bloodlines
37:44 Savar
40:23 Hoardings
39:19 Sappers
40:10 Guard Tower
41:19 Ballistics
41:26 Conscription
42:55 Masonry
42:41 Murder Holes
43:32 Plate Mail Armor
43:32 Ring Archer Armor
44:03 Blast Furnace
43:13 Hussar
46:14 Architecture
45:47 Elite War Elephant
47:35 Crop Rotation
46:46 Pikeman
47:26 Squires
47:12 Gambesons
48:22 Thumb Ring
48:31 Halberdier
PersianStallion
0:33 Loom
6:25 Feudal Age
6:40 Horse Collar
6:49 Double-Bit Axe
10:57 Wheelbarrow
13:57 Castle Age
14:37 Caravan
14:35 Gold Mining
14:39 Stone Mining
15:29 Bow Saw
16:01 Heavy Plow
18:29 Stone Shaft Mining
19:26 Gold Shaft Mining
27:13 Imperial Age
28:38 Hand Cart
29:29 Scale Barding Armor
34:40 Hoardings
34:41 Forging
34:31 Scale Mail Armor
34:51 Chain Barding Armor
34:44 Heavy Camel Rider
35:40 Bloodlines
39:36 Iron Casting
39:16 Chain Mail Armor
39:36 Plate Barding Armor
38:52 Fletching
39:02 Padded Archer Armor
39:38 Ballistics
39:55 Kamandaran
40:12 Citadels
42:35 Chemistry
41:26 Guard Tower
41:27 Heated Shot
42:00 Husbandry
42:50 Murder Holes
43:06 Masonry
44:02 Blast Furnace
43:32 Plate Mail Armor
43:09 Padded Archer Armor
43:09 Bodkin Arrow
43:24 Cavalier
45:19 Elite War Elephant
47:54 Two-Man Saw
46:51 Heavy Scorpion
47:00 Capped Ram
amk1285
10:39 Feudal Age
8:55 Loom
13:54 Double-Bit Axe
14:42 Horse Collar
18:24 Castle Age
17:01 Wheelbarrow
16:12 Town Watch
16:00 Man-at-Arms
16:30 Arson
18:08 Gold Mining
18:19 Stone Mining
19:42 Bow Saw
22:10 Gold Shaft Mining
22:27 Heavy Plow
22:05 Crossbowman
24:22 Husbandry
24:51 Scale Barding Armor
24:47 Scale Mail Armor
26:01 Hand Cart
28:05 Padded Archer Armor
28:27 Chain Barding Armor
27:58 Fletching
28:19 Forging
29:08 Leather Archer Armor
30:01 Town Patrol
32:10 Chain Mail Armor
32:32 Iron Casting
33:18 Stone Shaft Mining
34:21 Thumb Ring
37:15 Imperial Age
36:06 Bodkin Arrow
36:33 Long Swordsman
38:44 Plate Barding Armor
39:48 Plate Mail Armor
39:49 Ring Archer Armor
39:19 Bracer
39:33 Elite Genitour
39:34 Elite Skirmisher
40:21 Cavalier
43:05 Blast Furnace
44:32 Heavy Cavalry Archer
45:44 Kasbah
45:45 Maghrebi Camels
45:07 Elite Camel Archer
46:56 Conscription
53:51 Hoardings
Connection lost

Rejoining the realm…

Still unreachable

The connection could not be restored.

Session expired

The server has moved on; the page needs a fresh start.